 Dungeon Crawl Stone Soup version 0.29-a0-582-ge82337ba6a (webtiles) character file.

Game seed: 4574397630214850588

61 Patoropollo the Shooter (level 4, 38/38 HPs)
             Began as a Meteoran Hunter on June 14, 2022.
             Quit the game on level 1 of the Dungeon.
             The game lasted 00:03:09 (904 turns).

Patoropollo the Shooter (Meteoran Hunter)            Turns: 904, Time: 00:03:10

Health: 38/38      AC:  0    Str: 13    XL:     4   Next: 51%
Magic:  5/5        EV: 13    Int: 10    God:
Gold:   86         SH:  0    Dex: 19    Spells: 3/3 levels left

rFire   . . .      SeeInvis .   a - +1 shortbow
rCold   . . .      Faith    .   (shield currently unavailable)
rNeg    . . .      Spirit   .   (no body armour)
rPois   .          Reflect  .   (no helmet)
rElec   .          Harm     .   (no cloak)
rCorr   .          Rampage  .   (no gloves)
Will    .....                   (no boots)
Stlth   +.........              (no amulet)
HPRegen 0.12/turn               (no ring)
MPRegen 0.09/turn               (no ring)

@: glowing
A: sense surroundings 1, otherworldly, glowing, explore regen
a: no special abilities


You were on level 1 of the Dungeon.
You visited 1 branch of the dungeon, and saw 2 of its levels.

You collected 86 gold pieces.

Inventory:

Hand Weapons
 a - a +1 shortbow (weapon)
Scrolls
 c - a scroll of immolation
 d - 3 scrolls of enchant armour {unknown}
 e - 2 scrolls of teleportation {unknown}
 i - a scroll of poison {unknown}
Potions
 b - a potion of heal wounds {unknown}
 f - a potion of haste {unknown}
 h - a potion of ambrosia {unknown}
 j - a potion of curing {unknown}


   Skills:
 + Level 3.0 Fighting
 + Level 4.9 Bows
 - Level 1.9 Armour
 + Level 3.2 Dodging
 - Level 0.6 Stealth
 + Level 0.0 Invocations


You had 3 spell levels left.
You didn't know any spells.
Your spell library was empty.

Dungeon Overview and Level Annotations

Branches:
Dungeon (2/15)

Altars:


Innate Abilities, Weirdness & Mutations

You passively map a small area around you.
You are easily found by Zot.
You glow in the dark.
You regain HP and MP as you explore.


Message History

You hear a shout!
A kobold comes into view. It is wielding a +0 whip.
You shoot an arrow. The arrow closely misses the kobold.
The kobold hits you with a +0 whip. The kobold hits you but does no damage.
A kobold is nearby!
You shoot an arrow. The arrow closely misses the kobold.
The kobold hits you but does no damage. The kobold barely misses you.
You shoot an arrow. The arrow hits the kobold.
You kill the kobold!
No target in view!
No target in view!
No target in view!
Things that are here:
a +0 whip; 5 stones; a kobold corpse No target in view!
No target in view!
No target in view!
You now have 86 gold pieces (gained 10).
e - 2 scrolls labelled ROCZOE BUQIUW (gained 1)
You see here a +0 dagger of freezing.
There is an open door here.
There is an open door here.
There is an open door here.
There is an open door here.
There is an open door here.
There is an open door here.
There is an open door here.
Done exploring.
Done exploring.
You start removing your armour.
You continue taking off your +0 chain mail. x4
You finish taking off your +0 chain mail.
You drop a +0 chain mail.
Done exploring.
No target in view!
No target in view!
No target in view!
Done exploring.
There is a stone staircase leading down here.
Are you sure you want to abandon this character and quit the game? (Confirm with "yes".)

#.# #.# #.# #.# #.# #.#
######[#
#######......##########
................@.....#
#######.#############.#
##'## #.# #...# #.#
#...# #.###### #...#
#......# ## #...#
######.# .# #...####
#.# .### ##+#...# #.#


There were no monsters in sight!

Vanquished Creatures
  2 adders (D:2)
  A worm (D:2)
  A dart slug (D:2)
  A ball python (D:2)
  6 endoplasms
  3 giant cockroaches (D:1)
  2 goblins (D:1)
  4 hobgoblins
  3 jackals (D:2)
  6 kobolds
  2 bats
  2 rats (D:1)
33 creatures vanquished.

Vanquished Creatures (others)
  2 plants (D:2)
2 creatures vanquished.

Grand Total: 35 creatures vanquished

Notes
Turn   | Place    | Note
-------+----------+-------------------------------------------
     0 | D:1      | Patoropollo the Meteoran Hunter began the quest for the
                  | Orb.
     0 | D:1      | Reached XP level 1. HP: 17/17 MP: 2/2
    55 | D:1      | Reached XP level 2. HP: 25/25 MP: 3/3
   193 | D:1      | You fall into a shaft and drop 1 floor!
   207 | D:2      | Reached skill level 1 in Armour
   209 | D:2      | Reached XP level 3. HP: 28/30 MP: 4/4
   489 | D:2      | Reached XP level 4. HP: 33/37 MP: 5/5
   904 | D:1      | Quit the game

Illustrated notes

Levels and vault maps discovered:
D:1:      dpeg_arrival_long_road, layout_basic
D:2:      layout_basic, corexii_shack

Skill      XL: |  1  2  3  4 |
---------------+-------------+-----
Armour         | 1 |  1.9
Dodging        | 3 |  3.2
Fighting       | 3 |  3.0
Bows           | |  4.9
Stealth        | |  0.6

Action                   |  1- 3 |  4- 6 || total
-------------------------+-------+-------++-------
 Fire: Shortbow          |    48 |    21 ||    69
Armor: Leather armour    |     3 |       ||     3
       Chain mail        |     7 |     7 ||    14
Dodge: Dodged            |     9 |     3 ||    12

Table legend: (Time is in decaauts)
 A = Elapsed time spent in this place.
 B = Non-inter-level travel time spent in this place.
 C = Inter-level travel time spent in this place.
 D = Time resting spent in this place.
 E = Time spent auto-exploring this place.
 F = Levels seen in this place.
 G = Mean time per level.
                   A        B        C        D        E       F      G
               +--------+--------+--------+--------+--------+-----+--------+
         Total |    944 |    919 |     25 |      0 |    722 |   2 |  472.0 |
       Dungeon |    944 |    919 |     25 |      0 |    722 |   2 |  472.0 |
               +--------+--------+--------+--------+--------+-----+--------+

Top non-repeatable levels by time:
     D:1: 584 daAuts
     D:2: 359 daAuts
